 Dungeon Crawl Stone Soup version 0.30-a0-930-gb9d0489357 (webtiles) character file.

Game seed: 9089209941620968344

53 mopl the Vexing (level 3, -2/23 HPs)
             Began as an Octopode Hexslinger on Mar 23, 2023.
             Slain by a scorpion (8 damage)
             ... on level 3 of the Dungeon.
             The game lasted 00:03:06 (1315 turns).

mopl the Vexing (Octopode Hexslinger)               Turns: 1315, Time: 00:03:07

Health: -2/23      AC:  1    Str:  9    XL:     3   Next: 89%
Magic:  1/5        EV: 13    Int: 15    God:
Gold:   8          SH:  0    Dex: 14    Spells: 4/5 levels left

rFire   . . .      SeeInvis .    a - +1 sling
rCold   . . .      Faith    +    (no shield)
rNeg    . . .      Spirit   .    (helmet restricted)
rPois   .          Reflect  .    g - amulet of faith {!P}
rElec   .          Rampage  .    (no ring)
rCorr   .                        (no ring)
Will    .....                    (no ring)
Stlth   ++                       (no ring)
HPRegen 0.23/turn                (no ring)
MPRegen 0.09/turn                (no ring)
                                 (no ring)
                                 (no ring)

@: no status effects
A: almost no armour, amphibious, 8 rings, camouflage 1, gelatinous body 1,
(nimble swimmer 1), tentacles
a: no special abilities


You were on level 3 of the Dungeon.
You visited 1 branch of the dungeon, and saw 3 of its levels.

You collected 92 gold pieces.
You spent 84 gold pieces at shops.

Inventory:

Hand Weapons
 a - a +1 sling (weapon)
 m - a +2 spear of freezing
Missiles
 h - 25 stones
Jewellery
 g - an amulet of faith (around mantle) {!P}
Scrolls
 b - 3 scrolls of poison
 e - 2 scrolls of identify {unknown}
 j - 3 scrolls of teleportation {unknown}
 k - a scroll of blinking {unknown}
 n - a scroll of magic mapping {unknown}
 o - 2 scrolls of enchant armour {unknown}
Potions
 c - 3 potions of heal wounds {unknown}
 d - a potion of ambrosia {unknown}
 f - a potion of berserk rage {unknown}
 i - a potion of cancellation {unknown}
 l - a potion of brilliance {unknown}
 p - a potion of flight {unknown}
 q - a potion of curing
 r - a potion of lignification {!q}


   Skills:
 - Level 1.0 Fighting
 * Level 3.2 Ranged Weapons
 - Level 2.0 Dodging
 + Level 1.7 Spellcasting
 + Level 3.4 Hexes


You had 4 spell levels left.
You knew the following spells:

 Your Spells              Type           Power      Damage    Failure   Level
a - Slow                  Hex            44%        N/A       5%          1

Your spell library contained the following spells:

 Spells                   Type           Power      Damage    Failure   Level
 Confusing Touch          Hex            11%        N/A       17%         3
 Inner Flame              Hex/Fire       6%         N/A       32%         3
 Portal Projectile        Hex/Tloc       12%        N/A       32%         3
 Lesser Beckoning         Tloc           2%         N/A       34%         2
 Cause Fear               Hex            5%         N/A       50%         4
 Gell's Gravitas          Tloc           1%         N/A       56%         3
 Teleport Other           Tloc           1%         N/A       56%         3
 Vampiric Draining        Necr           1%         2d6       56%         3


Dungeon Overview and Level Annotations

Branches:
Dungeon (3/15)

Altars:
Elyvilon

Shops:
D:1 !


Innate Abilities, Weirdness & Mutations

You cannot wear most types of armour.
You are amphibious.
You can wear up to eight rings at the same time.
Your skin changes colour to match your surroundings (Stealth+).
Your rubbery body absorbs attacks. (AC +1, EV +1)
((You are camouflaged when in or above water. (Stealth+)))
You have tentacles for arms and can constrict up to eight enemies at once.


Message History

No target in view!
A scorpion comes into view.
You shoot a sling bullet.
The sling bullet completely misses the scorpion.
You shoot a sling bullet.
The sling bullet barely misses the scorpion.
The scorpion stings you. x2
You shoot a sling bullet.
The sling bullet hits the scorpion but does no damage.
The scorpion stings you.
Casting: Slow (safe; 5% risk of failure)
Confirm with . or Enter, or press ? or * to list all spells.
Aiming: Slow (safe; 5% risk of failure)
Press: ? - help, Shift-Dir - straight line, f/p - scorpion
Aim: a scorpion (chance to affect: 45%)
The scorpion resists with some effort.
The scorpion stings you.
* * * LOW HITPOINT WARNING * * *
Unknown command.
Casting: Slow (safe; 5% risk of failure)
Confirm with . or Enter, or press ? or * to list all spells.
Aiming: Slow (safe; 5% risk of failure)
Press: ? - help, Shift-Dir - straight line, f/p - scorpion
Aim: a scorpion (chance to affect: 45%)
The scorpion resists with some effort.
The scorpion closely misses you. The scorpion completely misses you.
Unknown command.
Casting: Slow (safe; 5% risk of failure)
Confirm with . or Enter, or press ? or * to list all spells.
Aiming: Slow (safe; 5% risk of failure)
Press: ? - help, Shift-Dir - straight line, f/p - scorpion
Aim: a scorpion (chance to affect: 45%)
The scorpion resists with some effort.
The scorpion barely misses you.
Unknown command.
Casting: Slow (safe; 5% risk of failure)
Confirm with . or Enter, or press ? or * to list all spells.
Aiming: Slow (safe; 5% risk of failure)
Press: ? - help, Shift-Dir - straight line, f/p - scorpion
Aim: a scorpion (chance to affect: 45%)
The scorpion resists with some effort.
The scorpion stings you!
You die...

##########
#######.........
..#.........#
#.#.###.###.# #.#.# #)#
#.# ##.#.# #.# #.#
##....# #.# #.#
####...s.###.###.##
#.....?@..##.##...####.#
#.##.....###...........#
##...## ####...######
##)## #.....##### #.
#.....#...^ ..
######.....[.### ..
...........### #.#
...........####
########......##


You could see a scorpion.

Vanquished Creatures
  2 dart slugs
  2 ball pythons (D:1)
  7 endoplasms
  A giant cockroach (D:2)
  7 goblins
  3 hobgoblins
  2 jackals (D:1)
  8 kobolds
  2 quokkas
  5 bats
  A frilled lizard (D:1)
  2 rats
42 creatures vanquished.

Vanquished Creatures (others)
  14 plants (D:1)
14 creatures vanquished.

Grand Total: 56 creatures vanquished

Notes
Turn   | Place    | Note
-------+----------+-------------------------------------------
     0 | D:1      | mopl the Octopode Hexslinger began the quest for the Orb.
     0 | D:1      | Reached XP level 1. HP: 13/13 MP: 2/2
    78 | D:1      | Reached XP level 2. HP: 18/18 MP: 3/3
   477 | D:1      | Reached XP level 3. HP: 23/23 MP: 5/5
   596 | D:1      | Found Tifoxeah's Distillery.
   603 | D:1      | Bought a potion of degeneration for 12 gold pieces
   679 | D:2      | Found a faded altar of an unknown god.
   748 | D:2      | Found a white marble altar of Elyvilon.
   790 | D:2      | Reached skill level 3 in Ranged Weapons
   843 | D:2      | HP: 1/23 [kobold/+0 short sword (1)]
  1219 | D:1      | Bought a potion of curing for 36 gold pieces
  1219 | D:1      | Bought a potion of lignification for 36 gold pieces
  1307 | D:3      | Noticed a scorpion
  1315 | D:3      | Slain by a scorpion

Illustrated notes

Levels and vault maps discovered:
D:1:      dpeg_arrival_rooms_a, layout_rooms, serial_shops, nicolae_shop_stone,
          serial_bayou, serial_bayou_lake_a, serial_bayou_pond_c,
          serial_bayou_ford_a, serial_bayou_lagoon_a, serial_bayou_lagoon_b
D:2:      layout_rooms, nicolae_ecumenical_lake_church, basic_altar
D:3:      layout_loops_ring, serial_shops, nicolae_shop_stone, nicolae_wormholes

Skill      XL: |  1  2  3 |
---------------+----------+-----
Ranged Weapons | 3 |  3.2
Fighting       | |  1.0
Dodging        | |  2.0
Spellcasting   | |  1.7
Hexes          | |  3.4

Action                     || total
---------------------------++-------
  Melee: Unarmed           ||     5
         Constrict         ||     1
         Tentacles         ||     1
   Fire: Sling             ||   126
   Cast: Slow              ||     7
 Armour: Skin              ||     5
  Dodge: Dodged            ||    48

Table legend: (Time is in decaauts)
 A = Elapsed time spent in this place.
 B = Non-inter-level travel time spent in this place.
 C = Inter-level travel time spent in this place.
 D = Time resting spent in this place.
 E = Time spent auto-exploring this place.
 F = Levels seen in this place.
 G = Mean time per level.
                   A        B        C        D        E       F      G
               +--------+--------+--------+--------+--------+-----+--------+
         Total |   1347 |   1280 |     67 |     81 |    821 |   3 |  449.0 |
       Dungeon |   1347 |   1280 |     67 |     81 |    821 |   3 |  449.0 |
               +--------+--------+--------+--------+--------+-----+--------+

Top non-repeatable levels by time:
     D:1: 723 daAuts
     D:2: 557 daAuts
     D:3: 66 daAuts
